AoeStats
← old f1sh

Black Forest

509360656Analyzed
4v4 RM · 5d ago on Sep 26, 2026· 31m 20s· 8 players
Game mode
Random Map
Map size
Large (8 player)
Population
200
Speed
Normal
Resources
Standard
Victory
Conquest
Starting age
Dark Age
Ending age
Imperial Age
RankedLock teamsTeams togetherTeam positionsShared explorationLock speedFull tech treeHidden civsTurbo modeCheats
Victory
Defeat
🇨🇳 Burgundians · China
1541
+10
🇨🇳 Varangians · China
1439
+14
🇨🇳 Turks · China
1437
+14
🇵🇪 Japanese · Peru
1342
+17
🇮🇹 Vietnamese · Italy
1429
-16
🇹🇼 Danes · Taiwan
1407
-14
🇬🇧 Saxons · United Kingdom
1371
-13
🇭🇰 Varangians · Hong Kong SAR China
1358
-12
Marchantia
4:55 Loom
11:54 Feudal Age
15:41 Castle Age
13:53 Double-Bit Axe
14:00 Horse Collar
26:56 Wheelbarrow
26:34 Bow Saw
26:29 Heavy Plow
28:05 Stone Mining
28:06 Gold Mining
docsparkles
0:30 Loom
14:51 Feudal Age
15:05 Man-at-Arms
18:06 Forging
18:42 Arson
25:53 Castle Age
24:30 Double-Bit Axe
24:27 Horse Collar
24:41 Gold Mining
31:27 Imperial Age
29:14 Scale Mail Armor
GdR_Salinaro
0:27 Loom
12:08 Feudal Age
16:39 Castle Age
14:38 Double-Bit Axe
15:54 Stone Mining
18:08 Wheelbarrow
25:40 Horse Collar
26:12 Gold Mining
27:21 Heavy Plow
28:23 Bow Saw
29:12 Hand Cart
32:56 Imperial Age
痛苦
10:31 Feudal Age
11:19 Double-Bit Axe
14:00 Castle Age
11:54 Horse Collar
15:16 Bow Saw
15:36 Heavy Plow
16:10 Loom
19:33 Wheelbarrow
21:06 Hand Cart
23:21 Gold Mining
23:21 Stone Mining
28:30 Imperial Age
26:37 Scale Barding Armor
26:43 Forging
26:42 Town Watch
27:53 Stone Shaft Mining
27:58 Vendel Legacy
29:13 Bloodlines
29:03 Husbandry
29:25 Chain Barding Armor
29:40 Iron Casting
29:23 Light Cavalry
30:38 Conscription
29:47 Elite Jarl
30:29 Hussar
kraquen
0:46 Loom
13:07 Feudal Age
22:54 Castle Age
28:25 Fletching
29:28 Double-Bit Axe
old f1sh
5:54 Double-Bit Axe
11:16 Feudal Age
12:20 Bow Saw
14:54 Castle Age
12:38 Horse Collar
13:19 Heavy Plow
16:01 Wheelbarrow
19:11 Wheelbarrow
20:08 Gold Mining
21:24 Hand Cart
22:33 Gold Shaft Mining
25:55 Imperial Age
24:41 Padded Archer Armor
24:42 Scale Mail Armor
24:52 Forging
25:36 Guilds
27:37 Chemistry
27:47 Leather Archer Armor
28:14 Chain Mail Armor
28:40 Iron Casting
V我50%匡扶汉室
8:12 Loom
11:52 Feudal Age
14:06 Double-Bit Axe
14:04 Horse Collar
18:01 Castle Age
19:19 Bow Saw
20:09 Heavy Plow
26:29 Gold Mining
29:18 Imperial Age
27:26 Wheelbarrow
27:30 Padded Archer Armor
29:14 Hand Cart
31:15 Gold Shaft Mining
涅槃重生
0:56 Loom
12:28 Feudal Age
16:52 Castle Age
15:05 Double-Bit Axe
15:45 Stone Mining
16:48 Horse Collar
17:01 Gold Mining
19:14 Bow Saw
19:50 Scale Barding Armor
27:06 Heavy Plow
27:13 Fletching
28:03 Forging
28:38 Chain Barding Armor
30:41 Iron Casting
Connection lost

Rejoining the realm…

Still unreachable

The connection could not be restored.

Session expired

The server has moved on; the page needs a fresh start.